 Dungeon Crawl Stone Soup version 0.31-a0-986-g5e6e4ef867 (webtiles) character file.

Game seed: 7498441594605920325

100 promet the Trooper (level 4, -3/42 HPs)
             Began as a Hill Orc Fighter on Nov 7, 2023.
             Was an Initiate of Wu Jian.
             Killed by nerve-wracking pain
             ... invoked by Grinder
              (13 damage)
             ... on level 3 of the Dungeon.
             The game lasted 00:09:49 (1899 turns).

promet the Trooper (Hill Orc Fighter)               Turns: 1899, Time: 00:09:50

Health: -3/42      AC:  9    Str: 20    XL:     4   Next: 73%
Magic:  4/4        EV:  7    Int:  8    God:    Wu Jian [......]
Gold:   153        SH:  4    Dex: 10    Spells: 3/3 levels left

rFire   . . .        a - +1 whip (elec)
rCold   . . .        c - +0 buckler
rNeg    . . .        f - +0 chain mail
rPois   .            (no helmet)
rElec   .            (no cloak)
rCorr   .            (no gloves)
SInv    .            (no boots)
Will    .....        (no amulet) Stlth
                     (no ring)
HPRegen 0.27/turn    (no ring)
MPRegen 0.09/turn

%: no passive effects
@: hasted, very quick
A: no striking features
a: Renounce Religion


You were on level 3 of the Dungeon.
You worshipped Wu Jian.
Wu Jian was noncommittal.
You visited 1 branch of the dungeon, and saw 4 of its levels.

You collected 153 gold pieces.

Inventory:

Hand Weapons
 a - a +1 whip of electrocution (weapon)
 b - a +0 war axe
Armour
 c - a +0 buckler (worn)
 f - a +0 chain mail (worn)
Magical Staves
 h - a staff of poison
Scrolls
 e - a scroll of fog
 i - a scroll of amnesia {unknown}
Potions
 d - 2 potions of might
 g - a potion of magic {unknown}


   Skills:
 * Level 5.0 Fighting
 + Level 2.7(3.1) Axes
 + Level 1.4(2.1) Maces & Flails
 + Level 3.9 Armour
 + Level 3.9 Shields


You had 3 spell levels left.
You didn't know any spells.
Your spell library contained the following spells:

 Spells                   Type           Power      Damage    Failure   Level
 Apportation              Tloc           0%         N/A       99%         1
 Blink                    Tloc           0%         N/A       99%         2
 Jinxbite                 Hex            0%         N/A       99%         2
 Lesser Beckoning         Tloc           0%         N/A       99%         2
 Momentum Strike          Conj/Tloc      0%         3d8       99%         2
 Alistair's Intoxication  Tmut/Pois      0%         N/A       100%        5


Dungeon Overview and Level Annotations

Branches:
Dungeon (4/15)
 Temple: D:4-7

Altars:
Dithmenos
Elyvilon
Fedhas
Kikubaaqudgha
Wu Jian

Shops:
D:3 *

Annotations:
D:3 Grinder
D:4 Eustachio


Message History

You feel yourself speed up.
You closely miss Grinder.
Grinder is moderately wounded.
You barely miss Grinder.
Grinder is moderately wounded.
Grinder barely misses you.
You barely miss Grinder.
Grinder is moderately wounded.
Grinder hits you.
You writhe in agony.
You hit Grinder.
Grinder is heavily wounded.
You hit Grinder.
Grinder is heavily wounded.
Grinder gestures at you. You resist with significant effort.
You barely miss Grinder.
Grinder is heavily wounded.
Grinder hits you but does no damage.
You hit Grinder.
Grinder is severely wounded.
You closely miss Grinder.
Grinder is severely wounded.
Grinder hits you.
You writhe in agony.
You hit Grinder but do no damage.
Grinder is severely wounded.
Grinder hits you.
* * * LOW HITPOINT WARNING * * *
You writhe in agony.
* * * LOW HITPOINT WARNING * * *
You hit Grinder but do no damage.
Grinder is severely wounded.
Grinder closely misses you.
You barely miss Grinder.
Grinder is severely wounded.
You hit Grinder.
Grinder is almost dead.
Grinder gestures at you. Pain shoots through your body!
You die...
Grinder says, "Now the real fun starts!"

+.....'..............#+# ##....#
#.....######.....###.#.###...#.#
#.....# #####.....#.#.....#.#
#.....# ####..))#.#.###.#
#.....# ##...#.#.###.# #.....#
#.#.........# #.....#
#.#..>..##### #.....#
#########.#.###.# #...5@....#..
..# #.########### ### #.# #.#
#.# #.# #.# #.# #.#


You could see Grinder.

Vanquished Creatures
  A hound (D:4)
  3 adders
  A worm (D:2)
  An orc (D:3)
  6 endoplasms
  2 giant cockroaches
  2 goblins (D:2)
  4 hobgoblins
  7 kobolds
  A quokka (D:1)
  5 ball pythons
  2 bats
  3 frilled lizards (D:1)
  5 rats
43 creatures vanquished.

Notes
Turn   | Place    | Note
-------+----------+-------------------------------------------
     0 | D:1      | promet the Hill Orc Fighter began the quest for the Orb.
     0 | D:1      | Reached XP level 1. HP: 19/19 MP: 1/1
   199 | D:1      | Reached XP level 2. HP: 22/27 MP: 2/2
   519 | D:1      | Reached skill level 4 in Fighting
   911 | D:2      | Reached XP level 3. HP: 33/33 MP: 3/3
   968 | D:2      | Found a faded altar of an unknown god.
  1254 | D:2      | Reached skill level 1 in Maces & Flails
  1380 | D:3      | Found a blossoming altar of Fedhas.
  1380 | D:3      | Found an ancient bone altar of Kikubaaqudgha.
  1381 | D:3      | Found a white marble altar of Elyvilon.
  1381 | D:3      | Found an ornate altar of the Wu Jian Council.
  1382 | D:3      | Found a shadowy altar of Dithmenos.
  1394 | D:3      | Became a worshipper of the Wu Jian Council
  1487 | D:3      | You fall into a shaft and drop 1 floor!
  1501 | D:4      | Reached skill level 5 in Fighting
  1501 | D:4      | Reached XP level 4. HP: 33/42 MP: 4/4
  1644 | D:4      | Noticed Eustachio
  1833 | D:3      | Found Iforaaga's Assorted Antiques.
  1833 | D:3      | Noticed Grinder
  1834 | D:3      | Paralysed by Grinder for 4 turns
  1870 | D:3      | Paralysed by Grinder for 4 turns
  1877 | D:3      | Paralysed by Grinder for 5 turns
  1899 | D:3      | Killed from afar by Grinder

Illustrated notes

Levels and vault maps discovered:
D:1:      dpeg_arrival_solitude, layout_rooms, nrook_loot_triangle,
          minmay_pentomino_x2
D:2:      layout_basic, shapermc_ecumenical_altar_gd,
          hangedman_abyss_or_decor_stabs
D:3:      layout_basic, grunt_temple_overflow_open, gup_sewer_entry_bowl,
          serial_shops, shop, shop, nicolae_shop_statue_plus,
          minmay_stone_trees_large, uniq_natasha, uniq_robin, uniq_grinder
D:4:      layout_loops_ring, serial_shops, nicolae_shop_pleasant_corner_grove,
          kennysheep_generic_room_4, uniq_eustachio

Skill      XL: |  1  2  3 |
---------------+----------+-----
Fighting       | 4 5 |  5.0
Maces & Flails | 1 |  1.4
Axes           | |  2.7
Armour         | |  3.9
Shields        | |  3.9

Action                     |  1- 3 |  4- 6 || total
---------------------------+-------+-------++-------
  Melee: Whip              |    95 |    43 ||   138
Ability: Lunge             |       |     3 ||     3
    Use: Scroll            |     6 |       ||     6
         Potion            |       |     1 ||     1
 Armour: Chain mail        |    56 |    25 ||    81
  Dodge: Dodged            |    21 |     5 ||    26
  Block: Buckler           |    21 |     8 ||    29

Table legend: (Time is in decaauts)
 A = Elapsed time spent in this place.
 B = Non-inter-level travel time spent in this place.
 C = Inter-level travel time spent in this place.
 D = Time resting spent in this place.
 E = Time spent auto-exploring this place.
 F = Levels seen in this place.
 G = Mean time per level.
                   A        B        C        D        E       F      G
               +--------+--------+--------+--------+--------+-----+--------+
         Total |   1901 |   1866 |     35 |     78 |    786 |   4 |  475.2 |
       Dungeon |   1901 |   1866 |     35 |     78 |    786 |   4 |  475.2 |
               +--------+--------+--------+--------+--------+-----+--------+

Top non-repeatable levels by time:
     D:1: 807 daAuts
     D:2: 560 daAuts
     D:3: 363 daAuts
     D:4: 170 daAuts
